 Dungeon Crawl Stone Soup version 0.23-a0-389-g4a5eb33 (webtiles) character file.

7024 MisterFreud the Spear-Bearer (level 10, -7/132 HPs)
             Began as a Minotaur Abyssal Knight on Oct 29, 2018.
             Was a High Priest of Lugonu.
             Mangled by a death knight
             ... wielding a +0 great mace
              (14 damage)
             ... on level 11 of the Dungeon.
             The game lasted 00:21:55 (9876 turns).

MisterFreud the Spear-Bearer (MiAK)                 Turns: 9876, Time: 00:21:56

Health: -7/132     AC: 25    Str: 21    XL:     10   Next: 82%
Magic:  16/16      EV:  2    Int: 13    God:    Lugonu [*****.]
Gold:   448        SH:  7    Dex: 11    Spells: 9/9 levels left

rFire    . . .     SeeInvis .   G - +6 spear of Daxek {elec, rElec Int+4 Dex+2}
rCold    . . .     Gourm    .   q - +2 buckler
rNeg     + + +     Faith    .   (armour currently unavailable)
rPois    +         Spirit   .   (helmet currently unavailable)
rElec    +         Reflect  .   (cloak currently unavailable)
rCorr    .         Harm     .   (gloves currently unavailable)
MR       .....     NoTele   +   (boots currently unavailable)
Stlth    +.........             H - amulet of inaccuracy (curse)
HPRegen  0.32/turn              d - ring of flight
MPRegen  0.15/turn              r - ring of wizardry

@: tree-form
A: (retaliatory headbutt)
a: Depart the Abyss, Bend Space, Banish, Corrupt, Enter the Abyss, Renounce
Religion


You were on level 11 of the Dungeon.
You worshipped Lugonu.
Lugonu was extremely pleased with you.
You were not hungry.
You were a tree.
You visited 1 branch of the dungeon, and saw 11 of its levels.
You visited the Abyss 1 time.

You collected 569 gold pieces.
You spent 121 gold pieces at shops.

Inventory:

Hand Weapons
 s - the +4 mace of Vanity {crush, -Tele +Rage +Fly SInv Stlth+}
   (You found it on level 4 of the Dungeon)

   It inflicts extra damage upon your enemies.
   It lets you see invisible.
   It lets you fly.
   It lets you go berserk.
   It prevents most forms of teleportation.
   It makes you more stealthy.
 t - a +5 trident
 F - the +8 morningstar of the Big Fish {holy, Str+4 Int-5 Dex+2}
   (You found it on level 7 of the Dungeon)

   It has been blessed by the Shining One to cause great damage to the undead
   and demons.
   It affects your strength (+4).
   It affects your intelligence (-5).
   It affects your dexterity (+2).
 G - the +6 spear of Daxek (weapon) {elec, rElec Int+4 Dex+2}
   (You found it on level 5 of the Dungeon)

   Occasionally, upon striking a foe, it will discharge some electrical energy
   and cause terrible harm.
   It affects your intelligence (+4).
   It affects your dexterity (+2).
   It insulates you from electricity.
Missiles
 f - 80 poisoned needles
 g - 316 stones (quivered)
 l - 140 sling bullets
 m - 100 bolts
 x - 70 arrows
 y - 10 tomahawks
 A - 11 javelins
 L - 6 needles of confusion
 W - 15 curare-tipped needles
Armour
 b - a +0 leather armour
 h - a +0 cloak (melded)
 k - a +2 hat (melded)
 q - a +2 buckler (worn)
 v - a +1 shield
 K - a +0 ring mail of cold resistance (melded)
Jewellery
 d - a ring of flight (left branch)
 r - a ring of wizardry (right branch)
 H - a cursed amulet of inaccuracy (around neck)
Wands
 C - a wand of enslavement (16)
 Q - a wand of polymorph (5)
 S - a wand of clouds (4)
 U - a wand of acid (7)
Scrolls
 a - 3 scrolls of enchant armour
 e - a scroll of fear
 i - 8 scrolls of teleportation
 j - a scroll of enchant weapon
 p - 2 scrolls of identify
 w - 6 scrolls of remove curse
 B - a scroll of amnesia
 D - 4 scrolls of immolation
 M - 2 scrolls of fog
 N - a scroll of magic mapping
 R - a scroll of blinking
Potions
 n - a potion of agility
 o - 2 potions of cancellation
 z - 4 potions of flight
 E - a potion of might
 I - 2 potions of curing
 J - 2 potions of haste
 O - a potion of mutation
 P - 2 potions of resistance
 T - a potion of magic {unknown}
Comestibles
 c - 18 rations
 V - 6 chunks of flesh


   Skills:
 - Level 8.0 Fighting
 - Level 2.4 Maces & Flails
 - Level 12.0 Polearms
 + Level 7.0 Armour
 - Level 1.1 Dodging
 + Level 5.6 Shields
 + Level 9.3 Invocations


You had 9 spell levels left.
You didn't know any spells.
Your spell library contained the following spells:

 Spells                   Type           Power        Failure   Level  Hunger
 Corona                   Hex            #......      12%         1    ##.....
 Ensorcelled Hibernation  Hex/Ice        #.....       19%         2    ###....
 Confuse                  Hex            #.......     34%         3    ####...
 Dazzling Spray           Conj/Hex       #.....       34%         3    ####...
 Tukima's Dance           Hex            #.......     34%         3    ####...


Dungeon Overview and Level Annotations

Branches:
Dungeon (11/15)            Temple (0/1) D:4            Lair (0/6) D:10
    Orc (0/2) D:11

Altars:
Ashenzari
Cheibriados
Fedhas
Gozag
Hepliaklqana
Makhleb
Nemelex Xobeh
Ru
Trog
Vehumet
Wu Jian
Xom

Shops:
D:5 :   D:10 *


Innate Abilities, Weirdness & Mutations

((You reflexively headbutt those who attack you in melee.))
((You have a pair of horns on your head.))


Message History

The death knight is almost dead.
The manticore bites you.
* * * LOW HITPOINT WARNING * * *
You block the manticore's attack.
The manticore claws you but does no damage.
Okay, then.
You closely miss the death knight.
The death knight is almost dead.
The death knight's dark mirror aura disappears.
You block the death knight's attack.
You barely miss the death knight.
The death knight is almost dead.
The manticore bites you!
* * * LOW HITPOINT WARNING * * *
The manticore claws you but does no damage.
The manticore claws you!
* * * LOW HITPOINT WARNING * * *
You feel better.
The death knight hits you with a +0 great mace!
You die...

######†##.# ###...)..#..#
........>#.#########
###.....##.........#
#.....##..######.#
#.....##.......#.#
####.....###.####.#.#
#........#..........#
#...♣#####.#.####.###
...$..Hp# #...........
........# ###.####.##.
................# #.#
...!.....######## #.#
.........###########.#
#.##.....##..........#
###
#############.##########
####.###8###8###8###.####


You could see a death knight and a manticore.

Vanquished Creatures
  A two-headed ogre (D:9)
  A manticore (D:11)
  Maurice (D:9)
  Joseph (D:8)
  2 water moccasins (D:7)
  3 porcupines (D:10)
  A black bear (D:9)
  8 orc warriors
  A phantom (D:9)
  2 sky beasts
  A centaur (D:11)
  4 ogres
  3 big kobolds
  A crocodile (D:10)
  7 bullfrogs
  A water moccasin zombie (D:10)
  15 killer bees
  3 howler monkeys
  4 wights (D:6)
  4 crimson imps
  2 centaur zombies (D:6)
  A quasit (D:10)
  3 hounds
  2 jellies
  9 orc priests
  A bullfrog skeleton (D:6)
  13 orc wizards
  A centaur skeleton (D:9)
  2 iguanas
  5 worker ants
  A hound skeleton (D:8)
  A worker ant zombie (D:11)
  8 gnolls
  12 adders
  4 oozes
  An adder skeleton (D:4)
  2 worms
  6 dart slugs
  5 leopard geckos
  48 orcs
  9 giant cockroaches
  8 hobgoblins
  5 jackals
  44 kobolds
  7 quokkas
  2 ball pythons
  9 bats
  3 frilled lizards
  7 goblins
  A leopard gecko skeleton (D:4)
  A leopard gecko zombie (D:5)
  4 rats
291 creatures vanquished.

Vanquished Creatures (others)
  An ooze (D:5)
1 creature vanquished.

Grand Total: 292 creatures vanquished

Notes
Turn   | Place    | Note
-------+----------+-------------------------------------------
     0 | Abyss:1  | MisterFreud the Minotaur Abyssal Knight began the quest for
                  | the Orb.
     0 | Abyss:1  | Reached XP level 1. HP: 19/19 MP: 1/1
   115 | Abyss:1  | Noticed a large abomination
   116 | D:1      | Escaped the Abyss
   319 | D:1      | Reached XP level 2. HP: 25/28 MP: 2/2
   354 | D:1      | Reached * piety under Lugonu
   675 | D:1      | Reached skill level 5 in Fighting
   744 | D:1      | Reached XP level 3. HP: 36/36 MP: 3/3
  1456 | D:2      | Reached skill level 1 in Polearms
  1574 | D:2      | Reached skill level 2 in Polearms
  1574 | D:2      | Reached XP level 4. HP: 38/42 MP: 4/4
  1608 | D:2      | Reached skill level 3 in Polearms
  1610 | D:2      | Reached ** piety under Lugonu
  1853 | D:3      | Reached skill level 4 in Polearms
  1869 | D:3      | Reached XP level 5. HP: 34/48 MP: 5/5
  2122 | D:3      | Reached skill level 5 in Polearms
  2264 | D:3      | Reached XP level 6. HP: 46/56 MP: 6/6
  2266 | D:3      | Reached skill level 6 in Polearms
  2832 | D:3      | Reached *** piety under Lugonu
  3116 | D:4      | Found a staircase to the Ecumenical Temple.
  3237 | D:4      | Reached skill level 7 in Polearms
  3237 | D:4      | Reached skill level 1 in Shields
  3260 | D:4      | Found a snail-covered altar of Cheibriados.
  3261 | D:4      | Found a blossoming altar of Fedhas.
  3269 | D:4      | Found a shimmering altar of Xom.
  3270 | D:4      | Found a sacrificial altar of Ru.
  3274 | D:4      | Found a hazy altar of Hepliaklqana.
  3393 | D:4      | Got a polished mace
  3394 | D:4      | Identified the +4 mace of Vanity {crush, -Tele +Rage +Fly
                  | SInv Stlth+} (You found it on level 4 of the Dungeon)
  3416 | D:5      | Entered Level 5 of the Dungeon
  3486 | D:5      | Reached XP level 7. HP: 61/61 MP: 7/7
  3787 | D:5      | You fall through a shaft for 2 floors!
  3823 | D:7      | HP: 3/61 [killer bee (8)]
  3824 | D:7      | HP: 1/61 [killer bee (4)]
  3828 | D:7      | Reached skill level 8 in Polearms
  4195 | D:7      | Found a burning altar of Makhleb.
  4247 | D:7      | Reached skill level 9 in Polearms
  4247 | D:7      | Reached XP level 8. HP: 42/69 MP: 8/8
  4278 | D:7      | Got a bloodstained morningstar
  4279 | D:7      | Identified the +8 morningstar of the Big Fish {holy, Str+4
                  | Int-5 Dex+2} (You found it on level 7 of the Dungeon)
  4895 | D:6      | Reached skill level 10 in Polearms
  5035 | D:6      | Reached **** piety under Lugonu
  5109 | D:5      | Reached skill level 11 in Polearms
  5241 | D:5      | Found Tinnuf's Book Shop.
  5506 | D:5      | Got a crystal spear
  5507 | D:5      | Identified the +6 spear of Daxek {elec, rElec Int+4 Dex+2}
                  | (You found it on level 5 of the Dungeon)
  5531 | D:5      | Found a radiant altar of Vehumet.
  6551 | D:6      | Found an ornate altar of the Wu Jian Council.
  6780 | D:7      | Reached skill level 12 in Polearms
  6780 | D:7      | Reached XP level 9. HP: 74/74 MP: 9/9
  7075 | D:8      | Reached skill level 5 in Armour
  7514 | D:8      | Found a bloodstained altar of Trog.
  7556 | D:8      | Noticed Joseph
  7571 | D:8      | Killed Joseph
  7571 | D:8      | Reached skill level 5 in Invocations
  7824 | D:9      | Found a shattered altar of Ashenzari.
  8136 | D:9      | Found an opulent altar of Gozag.
  8326 | D:9      | Found a burning altar of Makhleb.
  8329 | D:9      | Reached ***** piety under Lugonu
  8349 | D:9      | Noticed a two-headed ogre
  8357 | D:9      | Killed a two-headed ogre
  8357 | D:9      | Reached XP level 10. HP: 81/81 MP: 14/14
  8376 | D:9      | Noticed Maurice
  8385 | D:9      | Killed Maurice
  8619 | D:9      | Found a sparkling altar of Nemelex Xobeh.
  8704 | D:10     | Entered Level 10 of the Dungeon
  9181 | D:10     | Found Jeychoz's Assorted Antiques.
  9184 | D:10     | Bought 2 lumpy dark potions for 37 gold pieces
  9185 | D:10     | Bought a runed brass wand for 84 gold pieces
  9242 | D:10     | Found a staircase to the Lair.
  9695 | D:11     | Reached skill level 5 in Shields
  9773 | D:11     | Found a staircase to the Orcish Mines.
  9836 | D:11     | Noticed a manticore
  9840 | D:11     | Killed a manticore
  9850 | D:11     | Noticed a death knight
  9850 | D:11     | Noticed a manticore
  9875 | D:11     | HP: 1/132 [manticore (7)]
  9876 | D:11     | Mangled by a death knight

Vault maps used:
D:1:      tarquinn_simple_flora_water_c
D:3:      kennysheep_generic_room_6
D:4:      minitemple, minmay_temple_entry_large_hall
D:5:      kennysheep_kobold_camp, marbit_many_paths, serial_shops, shop,
          first_ration
D:6:      overflow_temple_1_default, serial_rivers,
          chequers_serial_rivers_micro_e, chequers_serial_rivers_micro_a,
          chequers_serial_rivers_micro_c, chequers_serial_rivers_micro_c
D:7:      basic_altar
D:8:      bloody_trog, serial_glass, glass_columns_a, glass_columns_b,
          feat_on_display, uniq_joseph
D:9:      overflow_temple_1_default, makhleb_grotto_becter,
          kennysheep_little_box, overflow_temple_1_default, uniq_maurice
D:10:     grunt_lair_entry_orc_guard_hut, serial_shops,
          nicolae_shop_window_shopping
D:11:     david_orc_4
Abyss:1:  evilmike_abyss_exit_11

Skill      XL: |  1  2  3  4  5  6  7  8  9 10 |
---------------+-------------------------------+-----
Fighting       | 4 5 8 |  8.0
Polearms       | 2 4 5 7 9 12 | 12.0
Shields        | 2 4 5 |  5.6
Armour         | 3 6 7 |  7.0
Invocations    | 7 9 |  9.3
Maces & Flails | |  2.4
Dodging        | |  1.1

Action                   |  1- 3 |  4- 6 |  7- 9 | 10-12 || total
-------------------------+-------+-------+-------+-------++-------
Melee: Mace              |    58 |       |       |       ||    58
       Headbutt          |     8 |     9 |    30 |    20 ||    67
       Trident           |    16 |   176 |   153 |       ||   345
       Spear             |       |       |   244 |   221 ||   465
       Morningstar       |       |       |    23 |       ||    23
Invok: Depart the Abyss  |     1 |       |       |       ||     1
  Use: Scroll            |       |    11 |     9 |     1 ||    21
       Potion            |       |       |     3 |     2 ||     5
 Stab: Sleeping          |       |       |     1 |       ||     1
  Eat: Chunk             |     2 |     6 |    16 |     5 ||    29
Armor: Leather armour    |    30 |    32 |    34 |       ||    96
       Ring mail         |       |       |    23 |    21 ||    44
       Skin              |       |       |       |    11 ||    11
Dodge: Dodged            |    54 |    59 |   103 |    28 ||   244
Block: Buckler           |       |     4 |    65 |    31 ||   100

Table legend:
 A = Non-vault XP
 B = Vault XP
 C = Vault XP percentage of total XP
 D = Non-vault monster count
 E = Vault monster count
 F = Vault count percentage of total count
                 A         B        C        D         E       F
            +---------+---------+-------+---------+---------+-------
      Total |    7505 |    2530 |  25.2 |     243 |      48 |  16.5
            +---------+---------+-------+---------+---------+-------
        D:1 |      48 |       0 |   0.0 |      27 |       0 |   0.0
        D:2 |     139 |       0 |   0.0 |      27 |       0 |   0.0
        D:3 |     271 |       0 |   0.0 |      34 |       0 |   0.0
        D:4 |     200 |       0 |   0.0 |      15 |       0 |   0.0
        D:5 |     205 |     135 |  39.7 |      18 |      22 |  55.0
        D:6 |     821 |       0 |   0.0 |      22 |       0 |   0.0
        D:7 |    1040 |       0 |   0.0 |      15 |       0 |   0.0
        D:8 |    1157 |     450 |  28.0 |      25 |       1 |   3.8
        D:9 |    1976 |     522 |  20.9 |      29 |       2 |   6.5
       D:10 |     892 |     635 |  41.6 |      18 |       5 |  21.7
       D:11 |     756 |     788 |  51.0 |      13 |      18 |  58.1
            +---------+---------+-------+---------+---------+-------
